 Dungeon Crawl Stone Soup version 0.30.0-10-gfe55d96785 (webtiles) character file.

Game seed: 4220852632422243757

284 Zdeegee the Shooter (level 6, 0/30 HPs)
             Began as a Spriggan Hexslinger on May 15, 2023.
             Slain by a gnoll
             ... wielding a +0 club
             ... led by a gnoll bouda
              (8 damage)
             ... on level 4 of the Dungeon.
             The game lasted 00:07:48 (2111 turns).

Zdeegee the Shooter (Spriggan Hexslinger)           Turns: 2111, Time: 00:07:49

Health: 0/30       AC:  2    Str:  6    XL:     6   Next: 7%
Magic:  10/10      EV: 18    Int: 15    God:
Gold:   120        SH:  0    Dex: 17    Spells: 6/10 levels left

rFire   . . .        a - +1 sling
rCold   + . .        (no shield)
rNeg    . . .        c - +0 robe
rPois   .            (helmet restricted)
rElec   .            (no cloak)
rCorr   .            (gloves unavailable)
SInv    +            (boots unavailable)
Will    +....        (no amulet)
Stlth   ++           (no ring)
HPRegen 0.25/turn    (no ring)
MPRegen 0.12/turn

%: random rage (3%)
@: very quick
A: very small, no large weapons, unfitting armour, see invisible, speed 3, beak,
berserk 1, cold resistance 1
a: no special abilities


You were on level 4 of the Dungeon.
You visited 1 branch of the dungeon, and saw 5 of its levels.

You collected 120 gold pieces.

Inventory:

Hand Weapons
 a - a +1 sling (weapon)
 e - a +1 mace of protection
 l - a +4 long sword
Armour
 c - a +0 robe (worn)
Jewellery
 k - a +5 ring of evasion
Wands
 o - a wand of acid (4)
Scrolls
 b - 2 scrolls of poison
 d - a scroll of teleportation {unknown}
 f - 2 scrolls of vulnerability {unknown}
 h - a scroll of enchant armour {unknown}
 m - a scroll of enchant weapon {unknown}
Potions
 g - 2 potions of mutation
 j - a potion of haste
 n - a potion of ambrosia {unknown}
 p - a potion of flight {unknown}
 q - a potion of heal wounds {unknown}


   Skills:
 * Level 1.4 Fighting
 * Level 4.8 Ranged Weapons
 * Level 3.5 Dodging
 + Level 0.3 Stealth
 * Level 2.6 Spellcasting
 * Level 4.3 Hexes
 * Level 2.0 Evocations


You had 6 spell levels left.
You knew the following spells:

 Your Spells              Type           Power      Damage    Failure   Level
a - Slow                  Hex            56%        N/A       3%          1
b - Inner Flame           Hex/Fire       8%         N/A       26%         3

Your spell library contained the following spells:

 Spells                   Type           Power      Damage    Failure   Level
 Sting                    Tmut/Pois      4%         1d3       22%         1
 Portal Projectile        Hex/Tloc       16%        N/A       26%         3
 Cigotuvi's Dreadful Rot  Necr/Pois/Air  2%         N/A       32%         2
 Cause Fear               Hex            7%         N/A       34%         4
 Spider Form              Tmut/Pois      1%         N/A       54%         3
 Starburst                Conj/Fire      0%         6d3       100%        6
 Ignition                 Fire           0%         3d3       100%        8


Dungeon Overview and Level Annotations

Branches:
Dungeon (5/15)
 Temple: D:4-7

Altars:
Cheibriados
Okawaru
Uskayaw
Yredelemnul

Annotations:
D:3 Robin


Innate Abilities, Weirdness & Mutations

You are very small and have problems with some larger weapons.
You are too small for most types of armour.
You have supernaturally acute eyesight. (SInv)
You cover ground extremely quickly. (Speed+++)
You have a beak for a mouth.
You sometimes lose your temper in combat.
Your flesh is cold resistant. (rC+)


Message History

You shoot a sling bullet.
The sling bullet barely misses the gnoll.
The gnoll closely misses you.
You shoot a sling bullet. The sling bullet hits the gnoll.
The gnoll is severely wounded.
The gnoll completely misses you.
You shoot a sling bullet.
The sling bullet barely misses the gnoll.
The gnoll barely misses you. The gnoll misses you.
You shoot a sling bullet.
The sling bullet closely misses the gnoll.
The gnoll hits you with a +0 club.
You shoot a sling bullet. The sling bullet hits the gnoll!
You kill the gnoll!
No target in view!
No target in view!
No target in view!
You climb downwards.
The gnoll barely misses you.
There is a stone staircase leading up here.
The gnoll hits you with a +0 club.
You climb upwards.
There is a stone staircase leading down here.
You shoot a sling bullet.
The sling bullet hits the gnoll but does no damage.
The gnoll hits you with a +0 club.
You are too injured to fight recklessly!
You are too injured to fight recklessly!
You are too injured to fight recklessly!
You are too injured to fight recklessly!
You shoot a sling bullet. The sling bullet hits the gnoll.
The gnoll is lightly wounded.
The gnoll closely misses you. The gnoll completely misses you.
You shoot a sling bullet. The sling bullet hits the gnoll.
The gnoll is heavily wounded.
The gnoll hits you with a +0 club!
* * * LOW HITPOINT WARNING * * *
You shoot a sling bullet.
The sling bullet barely misses the gnoll.
The gnoll hits you with a +0 club!
You die...

#.# #.###.## #.#.####...####.
#.# #.# ### #.#.#..........> #.#
#.# #.#.#.##...##... #.# #.#
#.........###.#. ###.# #.#
#..#####........ ....#
#.#########..# #[.###.#. #####
#...).....#..# #..# #...
#########)#..# #..# ###.
#@##.#####.## #. ############
#g##.......# #.
#..........####.#####.#### ####.
#)###.................######....
#.# #.####.####.####.........###
#.# #.# #.# #.# #.######..# #.#
#.# #.# #.# #.# #..# ##.###.#
#.# ##.## #.# #..# .......# #.#
#...# #.# #..#


You could see a gnoll.

Vanquished Creatures
  An ogre (D:4)
  A hound (D:4)
  A gnoll bouda (D:4)
  Natasha (D:1)
  2 gnolls
  2 adders
  A worm (D:4)
  A dart slug (D:1)
  An orc (D:4)
  5 endoplasms
  A giant cockroach (D:4)
  6 goblins
  9 hobgoblins
  7 jackals (D:1)
  A quokka (D:1)
  7 ball pythons
  6 bats
  A frilled lizard (D:2)
  12 kobolds
  2 rats
68 creatures vanquished.

Notes
Turn   | Place    | Note
-------+----------+-------------------------------------------
     0 | D:1      | Zdeegee the Spriggan Hexslinger began the quest for the
                  | Orb.
     0 | D:1      | Reached XP level 1. HP: 9/9 MP: 3/3
   118 | D:1      | Reached XP level 2. HP: 14/14 MP: 5/5
   395 | D:1      | Reached XP level 3. HP: 17/17 MP: 6/6
   399 | D:1      | Learned a level 3 spell: Inner Flame
   469 | D:1      | Reached skill level 1 in Evocations
   552 | D:1      | Found a faded altar of an unknown god.
   668 | D:2      | Got Sif Muna's Almanac of Impure Wildfire
   708 | D:2      | Noticed Natasha
   801 | D:2      | Reached skill level 1 in Fighting
   833 | D:1      | Killed Natasha
   834 | D:1      | Reached XP level 4. HP: 7/22 MP: 8/8
   959 | D:2      | You fall into a shaft and drop 2 floors!
  1231 | D:3      | Found a snail-covered altar of Cheibriados.
  1231 | D:3      | Found an iron altar of Okawaru.
  1231 | D:3      | Found a hide-covered altar of Uskayaw.
  1231 | D:3      | Found a basalt altar of Yredelemnul.
  1583 | D:3      | Noticed Robin
  1653 | D:4      | Reached XP level 5. HP: 18/25 MP: 9/9
  1769 | D:4      | Noticed an ogre
  1831 | D:4      | Killed an ogre
  1877 | D:4      | Gained mutation: You have a beak for a mouth. [potion of
                  | mutation]
  1877 | D:4      | Gained mutation: You sometimes lose your temper in combat.
                  | [potion of mutation]
  1877 | D:4      | Gained mutation: Your flesh is cold resistant. (rC+)
                  | [potion of mutation]
  1910 | D:5      | Entered Level 5 of the Dungeon
  2070 | D:4      | Reached XP level 6. HP: 24/30 MP: 10/10
  2111 | D:4      | Slain by a gnoll

Illustrated notes

Levels and vault maps discovered:
D:1:      lemuel_arrival_hallway, layout_rooms,
          dilly_ecumenical_altar_fadedgnrine
D:2:      layout_rooms, uniq_natasha
D:3:      layout_loops_ring, mainiacjoe_overflow_alcove_2,
          nicolae_overflow_hidden_temple, uniq_robin, uniq_ijyb, uniq_jessica
D:4:      layout_loops_ring, kennysheep_donut, kennysheep_generic_room_10
D:5:      layout_loops_cross, ebering_ghost_gozag, reono_crystal_passage

Skill      XL: |  1  2  3  4  5 |
---------------+----------------+-----
Evocations     | 1 2 |  2.0
Ranged Weapons | 3 4 |  4.8
Dodging        | 3 |  3.5
Hexes          | 4 |  4.3
Spellcasting   | 2 |  2.6
Fighting       | 1 |  1.4
Stealth        | |  0.3

Action                     |  1- 3 |  4- 6 || total
---------------------------+-------+-------++-------
   Fire: Sling             |   136 |   124 ||   260
   Cast: Slow              |    14 |    10 ||    24
    Use: Scroll            |       |     2 ||     2
         Potion            |       |     1 ||     1
 Armour: Robe              |    24 |     4 ||    28
  Dodge: Dodged            |   165 |    64 ||   229
